 Dungeon Crawl Stone Soup version 0.29.1-15-g9cfb28693d (webtiles) character file.

Game seed: 11295071792973628920

91 Artool the Grasshopper (level 4, -1/34 HPs)
             Began as a Demonspawn Warper on Apr 5, 2023.
             Slain by a gnoll
             ... wielding a +0 flail
              (6 damage)
             ... on level 2 of the Dungeon.
             The game lasted 00:10:42 (3139 turns).

Artool the Grasshopper (Demonspawn Warper)          Turns: 3139, Time: 00:10:43

Health: -1/34      AC:  6    Str: 14    XL:     4   Next: 34%
Magic:  7/7        EV: 12    Int: 14    God:
Gold:   190        SH:  0    Dex: 12    Spells: 5/7 levels left

rFire   . . .      SeeInvis .   a - +0 mace
rCold   . . .      Faith    .   (no shield)
rNeg    . . .      Spirit   .   b - +0 leather armour
rPois   .          Reflect  .   (no helmet)
rElec   .          Harm     .   (no cloak)
rCorr   .          Rampage  .   (no gloves)
Will    .....                   (no boots)
Stlth   +.........              (no amulet)
HPRegen 0.11/turn               (no ring)
MPRegen 0.10/turn               (no ring)

@: no status effects
A: thin metallic scales 2
a: no special abilities


You were on level 2 of the Dungeon.
You visited 1 branch of the dungeon, and saw 3 of its levels.

You collected 190 gold pieces.

Inventory:

Hand Weapons
 a - a +0 mace (weapon)
Missiles
 d - 9 boomerangs of dispersal (quivered)
 l - 2 javelins
Armour
 b - a +0 leather armour (worn)
Magical Staves
 j - a staff of air
Jewellery
 u - a ring of see invisible
Scrolls
 c - a scroll of blinking
 e - a scroll of noise {unknown}
 h - 3 scrolls of identify {unknown}
 i - a scroll of amnesia {unknown}
 k - a scroll of enchant weapon {unknown}
 m - a scroll of teleportation {unknown}
 n - a scroll of butterflies {unknown}
 p - a scroll of magic mapping {unknown}
 r - a scroll of enchant armour {unknown}
Potions
 f - 3 potions of attraction {unknown}
 g - a potion of brilliance {unknown}
 o - a potion of lignification {unknown}
 q - 2 potions of heal wounds {unknown}
 s - a potion of curing {unknown}
 t - a potion of flight {unknown}
 v - a potion of mutation {unknown}
 w - 2 potions of degeneration {unknown}


   Skills:
 + Level 2.5 Fighting
 + Level 2.2 Maces & Flails
 - Level 1.0 Throwing
 + Level 1.7 Armour
 + Level 2.3 Dodging
 + Level 2.4 Spellcasting
 + Level 3.1 Translocations


You had 5 spell levels left.
You knew the following spells:

 Your Spells              Type           Power      Damage    Failure   Level
a - Blink                 Tloc           20%        N/A       12%         2

Your spell library contained the following spells:

 Spells                   Type           Power      Damage    Failure   Level
 Gell's Gravitas          Tloc           10%        N/A       24%         3
 Lesser Beckoning         Tloc           10%        N/A       24%         3
 Teleport Other           Tloc           10%        N/A       24%         3
 Slow                     Hex            4%         N/A       28%         1
 Confusing Touch          Hex            1%         N/A       63%         3
 Dazzling Flash           Conj/Hex       2%         N/A       63%         3
 Vampiric Draining        Necr           1%         2d6       63%         3
 Iskenderun's Mystic Bla  Conj/Tloc      6%         2d4       82%         4
 Manifold Assault         Tloc           10%        N/A       91%         5
 Starburst                Conj/Fire      0%         6d3       100%        6


Dungeon Overview and Level Annotations

Branches:
Dungeon (3/15)

Altars:
Dithmenos
Fedhas
Nemelex Xobeh

Shops:
D:2 (*:


Innate Abilities, Weirdness & Mutations

You are mostly covered in thin metallic scales. (AC +3)


Message History

There is a stone staircase leading up here.
The jackal closely misses you. The gnoll barely misses you.
You climb upwards.
There is a stone staircase leading down here.
You hit the gnoll.
The gnoll is heavily wounded.
The jackal bites you but does no damage.
The gnoll closely misses you. The jackal barely misses you.
You barely miss the gnoll.
The gnoll is heavily wounded.
The gnoll barely misses you.
The jackal bites you but does no damage.
The gnoll closely misses you. The jackal misses you.
You hit the gnoll but do no damage.
The gnoll is heavily wounded.
The jackal bites you but does no damage.
The gnoll misses you.
You completely miss the gnoll.
The gnoll is heavily wounded.
The jackal bites you. The gnoll barely misses you.
The jackal barely misses you.
You hit the gnoll.
The gnoll is severely wounded.
The jackal completely misses you. The gnoll hits you with a +0 flail!
The jackal bites you. The gnoll barely misses you.
You barely miss the gnoll.
The gnoll is severely wounded.
The jackal barely misses you. The gnoll hits you but does no damage.
The jackal misses you.
You barely miss the gnoll.
The gnoll is severely wounded.
The jackal misses you. The gnoll hits you with a +0 flail!
The jackal bites you but does no damage.
The gnoll hits you with a +0 flail.
* * * LOW HITPOINT WARNING * * *
The jackal closely misses you. The gnoll hits you with a +0 flail.
* * * LOW HITPOINT WARNING * * *
The gnoll attacks as you move away! The gnoll hits you with a +0 flail.
You die...

#...♣†..## #.......##
#.......## ##.....##.
#### ###'###.. #..#
#...... ##.# #......
###÷#########......
#.@........##......
#.gh....>..##......
#>.........##......
#..........##......
######..............
##..# #.......<......
#...# ##)..#.........
#.#.# #.....#...(...
#...####.....###.....


You could see a gnoll and a jackal.

Vanquished Creatures
  2 gnolls
  A worm (D:2)
  2 dart slugs
  An orc (D:3)
  7 bats
  7 endoplasms
  4 giant cockroaches
  6 hobgoblins
  2 jackals (D:2)
  3 quokkas
  4 ball pythons
  5 frilled lizards
  7 goblins
  5 kobolds
  3 rats
59 creatures vanquished.

Notes
Turn   | Place    | Note
-------+----------+-------------------------------------------
     0 | D:1      | Artool the Demonspawn Warper began the quest for the Orb.
     0 | D:1      | Reached XP level 1. HP: 16/16 MP: 3/3
   134 | D:1      | Reached skill level 1 in Throwing
   134 | D:1      | Reached skill level 1 in Armour
   281 | D:1      | Gained mutation: You are partially covered in thin metallic
                  | scales. (AC +2) [demonic ancestry]
   281 | D:1      | Reached XP level 2. HP: 22/22 MP: 5/5
   301 | D:1      | Learned a level 2 spell: Blink
   871 | D:1      | Gained mutation: You are mostly covered in thin metallic
                  | scales. (AC +3) [demonic ancestry]
   871 | D:1      | Reached XP level 3. HP: 27/27 MP: 6/6
   887 | D:1      | Found a faded altar of an unknown god.
  1249 | D:2      | Found Zowelu's Antique Weapon Shoppe.
  1281 | D:2      | Found Ybidad's General Store.
  1317 | D:2      | Reached skill level 3 in Translocations
  1359 | D:2      | Found Xeomiko's Book Shop.
  2172 | D:3      | Found a blossoming altar of Fedhas.
  2641 | D:3      | Found a shadowy altar of Dithmenos.
  2655 | D:3      | Found a sparkling altar of Nemelex Xobeh.
  2663 | D:3      | Reached XP level 4. HP: 21/34 MP: 7/7
  3139 | D:2      | Slain by a gnoll

Illustrated notes

Levels and vault maps discovered:
D:1:      dpeg_arrival_tiny_a, layout_basic, nicolae_ecumenical_lake_church
D:2:      layout_rooms, serial_shops, shop, shop, nicolae_shop_hallway_plus,
          minmay_misc_feat_diagonals, grunt_decor_arrowhead,
          kennysheep_flooded_box, minmay_circled_x
D:3:      layout_loops_ring, pdpol_wu_jian_five_deadly_venoms, fedhas_altar_3,
          mainiacjoe_overflow_swirl, minivault_4, mrwooster_statue_mirror

Skill      XL: |  1  2  3 |
---------------+----------+-----
Throwing       | 1 |  1.0
Armour         | 1 |  1.7
Dodging        | 2 |  2.3
Maces & Flails | 2 |  2.2
Translocations | 3 |  3.1
Fighting       | |  2.5
Spellcasting   | |  2.4

Action                   |  1- 3 |  4- 6 || total
-------------------------+-------+-------++-------
Melee: Mace              |   174 |    26 ||   200
       Punch             |       |     1 ||     1
Throw: Boomerang         |     1 |       ||     1
 Cast: Blink             |       |     3 ||     3
 Stab: Sleeping          |     1 |       ||     1
Armor: Leather armour    |   112 |    23 ||   135
Dodge: Dodged            |   153 |    66 ||   219
